 Dungeon Crawl Stone Soup version 0.13.0-11-g0187522 (webtiles) character file.

354 Leibowitz the Skirmisher (level 5, -5/33 HPs)
             Began as a Kobold Fighter on Oct 18, 2013.
             Slain by an iguana (8 damage)
             ... on Level 4 of the Dungeon.
             The game lasted 00:10:51 (3566 turns).

Leibowitz the Skirmisher (Kobold Fighter)           Turns: 3566, Time: 00:10:51

HP  -5/33        AC  5     Str 18      XL: 5   Next: 80%
MP   4/4         EV 15     Int  6      God:
Gold 184         SH 11     Dex 15      Spells:  0 memorised,  4 levels left

Res.Fire  : . . .   See Invis. : .   a - +0 short sword
Res.Cold  : . . .   Warding    : .   l - +2 robe
Life Prot.: . . .   Conserve   : .   c - +0 buckler
Res.Poison: +       Res.Corr.  : .   o - +1 wizard hat
Res.Elec. : .       Clarity    : .   (no cloak)
Sust.Abil.: . .     Spirit.Shd : .   (no gloves)
Res.Mut.  : .       Stasis     : .   (no boots)
Res.Rott. : .       Flight     : .   (no amulet)
Saprovore : + + .                    q - ring of poison resistance
                                     n - +2 ring of strength

@: slightly resistant to hostile enchantments, stealthy
A: disease resistance, carnivore 3, saprovore 2
a: no special abilities


You were on level 4 of the Dungeon.
You were completely stuffed.

You visited 1 branch of the dungeon, and saw 4 of its levels.

You collected 164 gold pieces.

Inventory:

Hand weapons
 a - a +0,+0 short sword (weapon)
Missiles
 f - 24 poisoned needles
 j - 15 darts of frost (quivered)
Armour
 c - a +0 buckler (worn)
 l - a +2 robe (worn)
 o - a +1 wizard hat (worn)
Magical devices
 p - a wand of fire (7) {unknown}
Comestibles
 d - 2 meat rations
Scrolls
 b - a scroll of blinking {unknown}
 e - a scroll of teleportation {unknown}
 h - a scroll of curse jewellery {unknown}
 i - a scroll of identify {unknown}
 k - 3 scrolls of random uselessness {unknown}
 m - a scroll of enchant weapon II {unknown}
 s - 2 scrolls of remove curse {unknown}
Jewellery
 n - a +2 ring of strength (left hand)
 q - a ring of poison resistance (right hand)
Potions
 g - 3 potions of curing
 r - a potion of heal wounds
 t - a potion of restore abilities


   Skills:
 * Level 4.3 Fighting
 + Level 3.4 Short Blades
 + Level 2.6 Armour
 * Level 3.0 Dodging
 * Level 2.8 Stealth
 * Level 2.8 Shields


You had 4 spell levels left.
You didn't know any spells.

Dungeon Overview and Level Annotations

Branches:
Dungeon (4/27)
 Temple: D:4-7

Altars:
Elyvilon
Yredelemnul


Innate Abilities, Weirdness & Mutations

You recuperate from illness quickly.
You are small and have problems with some larger weapons.
You are carnivorous and can eat meat at any time.
You can eat rotten meat.


Message History

Throwing (i - inventory):
j - 17 darts of frost (quivered)
Press: ? - help, Shift-Dir - straight line, f/p - iguana
Aim: an iguana You throw a dart of frost.
The dart of frost misses the iguana.
You hit the iguana.
The iguana is severely wounded.
The iguana bites you!
You closely miss the iguana.
The iguana is severely wounded.
The iguana bites you!
* * * LOW HITPOINT WARNING * * *
You hit the iguana but do no damage.
The iguana is severely wounded.
The iguana barely misses you.
Throwing (i - inventory):
j - 16 darts of frost (quivered)
Press: ? - help, Shift-Dir - straight line, f/p - iguana
Aim: an iguana (severely wounded)
You throw a dart of frost. The dart of frost misses the iguana.
The iguana bites you!
You die...

#...........'.#####..
#...........### #..
##########'## #..
#.......# ##.
..####### #. ##
###+######### ####
#..........)######...
#...@.......')...#...
#....l......####.'...
#...........# ###...
#...........# #...
#...........# #...
#..$.....(..# ####
########'#### ..#
#'## #####


You could see an iguana.

Vanquished Creatures
  A hound (D:4)
  A gnoll (D:2)
  5 adders
  2 worms (D:3)
  A giant gecko (D:2)
  An ooze (D:2)
  5 orcs (D:4)
  5 bats
  5 giant cockroaches
  9 hobgoblins
  8 jackals
  3 quokkas
  2 ball pythons
  3 giant newts
  9 goblins
  4 kobolds
  5 rats
69 creatures vanquished.

Notes
Turn   | Place    | Note
--------------------------------------------------------------
     0 | D:1      | Leibowitz, the Kobold Fighter, began the quest for the Orb.
     0 | D:1      | Reached XP level 1. HP: 14/14 MP: 0/0
   259 | D:1      | Reached XP level 2. HP: 6/19 MP: 1/1
  1000 | D:2      | Reached skill level 1 in Stealth
  1014 | D:2      | Reached XP level 3. HP: 22/24 MP: 2/2
  1116 | D:2      | Found a white marble altar of Elyvilon.
  1193 | D:2      | Found a basalt altar of Yredelemnul.
  1490 | D:2      | Reached skill level 1 in Dodging
  1490 | D:2      | Reached XP level 4. HP: 11/28 MP: 3/3
  2275 | D:2      | Reached skill level 4 in Fighting
  2871 | D:3      | Reached XP level 5. HP: 31/33 MP: 4/4
  3566 | D:4      | Slain by an iguana

Action                   |  1- 3 |  4- 6 || total
-------------------------+-------+-------++-------
Melee: Short sword       |   158 |   218 ||   376
Throw: Dart              |       |    10 ||    10
  Use: Potion            |       |     8 ||     8
 Stab: Sleeping          |       |     4 ||     4
